 Dungeon Crawl Stone Soup version 0.29-a0-824-gd827844252 (webtiles) character file.

Game seed: 16824922785372851318

302 Sabo the Shield-Bearer (level 6, -3/48 HPs)
             Began as a Formicid Fighter on July 10, 2022.
             Slain by an ogre
             ... wielding a +0 giant spiked club
              (23 damage)
             ... on level 5 of the Dungeon.
             The game lasted 00:16:20 (3396 turns).

Sabo the Shield-Bearer (Formicid Fighter)           Turns: 3396, Time: 00:16:20

Health: -3/48      AC:  9    Str: 22    XL:     6   Next: 65%
Magic:  2/2        EV:  8    Int:  8    God:
Gold:   80         SH:  5    Dex: 13    Spells: 5/5 levels left

rFire   . . .      SeeInvis +   r - +0 war axe (antimagic)
rCold   . . .      Faith    .   c - +0 buckler
rNeg    . . .      Spirit   .   n - +0 chain mail
rPois   .          Reflect  .   (helmet unavailable)
rElec   .          Harm     .   (no cloak)
rCorr   .          Rampage  .   (no gloves)
Will    .....                   (no boots)
Stlth   ..........              (no amulet)
HPRegen 0.16/turn               (no ring)
MPRegen 0.08/turn               (no ring)

@: no status effects
A: permanent stasis, dig shafts and tunnels, antennae 3, four strong arms
a: Dig, Shaft Self


You were on level 5 of the Dungeon.
You visited 1 branch of the dungeon, and saw 4 of its levels.

You collected 80 gold pieces.

Inventory:

Hand Weapons
 a - a +0 war axe
 i - a +2 antimagic whip
 k - a +0 sling
 q - a +0 dagger of venom
 r - a +0 antimagic war axe (weapon)
 u - a +0 shortbow
Missiles
 m - 4 javelins (quivered)
 s - 3 poisoned darts
Armour
 c - a +0 buckler (worn)
 n - a +0 chain mail (worn)
Jewellery
 b - an amulet of magic regeneration
 d - a ring of ice
Scrolls
 f - a scroll of fear {unknown}
 g - a scroll of amnesia {unknown}
 h - a scroll of immolation {unknown}
 j - a scroll of enchant armour {unknown}
 l - a scroll of magic mapping
 p - a scroll of fog
 v - a scroll of enchant weapon {unknown}
Potions
 e - 2 potions of curing
 o - a potion of heal wounds {unknown}
 t - a potion of might


   Skills:
 + Level 4.0 Fighting
 + Level 4.3 Axes
 + Level 1.8 Throwing
 + Level 4.6 Armour
 + Level 0.9 Dodging
 + Level 4.7 Shields


You had 5 spell levels left.
You didn't know any spells.
Your spell library was empty.

Dungeon Overview and Level Annotations

Branches:
Dungeon (5/15)
 Temple: D:4-7

Altars:
Trog

Shops:
D:4 =


Innate Abilities, Weirdness & Mutations

You cannot be hasted, slowed, berserked, paralysed or teleported.
You can dig through walls and to a lower floor.
You have a pair of large antennae on your head. (SInv)
Your four strong arms can wield two-handed weapons with a shield.


Message History

You feel a little less mighty now.
You start resting.
HP restored.
You see here a +0 chain mail.
n - a +0 chain mail You start removing your armour.
You continue taking off your +0 scale mail. x4
You finish taking off your +0 scale mail.
You start putting on your armour.
You continue putting on your +0 chain mail. x5
You finish putting on your +0 chain mail.
You drop a +0 scale mail.
b - an amulet of magic regeneration
Found a scroll labelled RUINWYPHAI.
o - a smoky inky potion
t - a potion of might
Things that are here:
a +0 shortbow; a centaur skeleton
u - a +0 shortbow
Found a lumpy sapphire amulet.
v - a scroll labelled RUINWYPHAI An ogre comes into view.
It is wielding a +0 giant spiked club.
The ogre shouts!
The ogre moves out of view.
You hit the ogre.
The ogre is lightly wounded.
You block the ogre's attack.
You slash the ogre!
The ogre is moderately wounded.
The ogre hits you with a +0 giant spiked club!
You hit the ogre.
The ogre is heavily wounded.
The ogre closely misses you.
You hit the ogre but do no damage.
The ogre is heavily wounded.
The ogre hits you with a +0 giant spiked club!
You barely miss the ogre.
The ogre is heavily wounded.
The ogre hits you with a +0 giant spiked club!!
You die...

..# .. #. .. ..#.
#.##.###.... .#..
#.... #...#. ...
....###?.### ..#
##.#.....#.## #.##
#....#.....÷. ##..
##..###.......
##.O###....#.......[
#..@..............<.
#.........###........
.............#
#.......)
.##.#........#
#........ #.
##......## #........
# #.......# #......÷.
.."......# #.........
.....................
.....###......


You could see an ogre.

Vanquished Creatures
  A centaur (D:5)
  2 hounds
  An orc priest (D:4)
  A jelly (D:4)
  An orc wizard (D:4)
  A gnoll (D:4)
  An ufetubus (D:5)
  A worm (D:4)
  14 orcs (D:4)
  An endoplasm (D:4)
  2 giant cockroaches (D:4)
  4 goblins
  3 hobgoblins (D:4)
  2 jackals (D:4)
  3 kobolds (D:4)
  2 quokkas (D:4)
  3 ball pythons
  4 bats (D:1)
  2 frilled lizards (D:1)
  A rat (D:1)
  4 bushes (D:1)
54 creatures vanquished.

Vanquished Creatures (others)
  4 plants (D:1)
4 creatures vanquished.

Grand Total: 58 creatures vanquished

Notes
Turn   | Place    | Note
-------+----------+-------------------------------------------
     0 | D:1      | Sabo the Formicid Fighter began the quest for the Orb.
     0 | D:1      | Reached XP level 1. HP: 18/18 MP: 1/1
   658 | D:1      | Reached XP level 2. HP: 19/24 MP: 2/2
  1305 | D:2      | You fall into a shaft and drop 2 floors!
  1789 | D:4      | Reached XP level 3. HP: 29/29 MP: 3/3
  2001 | D:4      | Reached XP level 4. HP: 35/35 MP: 4/4
  2178 | D:4      | Reached skill level 1 in Throwing
  2308 | D:4      | Found a bloodstained altar of Trog.
  2393 | D:4      | Reached XP level 5. HP: 28/41 MP: 1/5
  2999 | D:4      | Found Hejuerul's Jewellery Emporium.
  3068 | D:5      | Entered Level 5 of the Dungeon
  3068 | D:5      | Noticed a centaur
  3086 | D:5      | Killed a centaur
  3087 | D:5      | Reached XP level 6. HP: 9/48 MP: 2/6
  3390 | D:5      | Noticed an ogre
  3396 | D:5      | Slain by an ogre

Illustrated notes

Levels and vault maps discovered:
D:1:      elethiomel_arrival_maze, layout_rooms, serial_forest,
          infiniplex_forest_end_1, infiniplex_forest_straight_5,
          infiniplex_forest_clump_curved, infiniplex_forest_fountain,
          infiniplex_forest_straight_2, infiniplex_forest_clump_diagonal,
          infiniplex_forest_clump_large, infiniplex_forest_clump_tiny,
          infiniplex_forest_end_2, infiniplex_forest_zigzag_2
D:2:      layout_basic
D:4:      layout_basic, trog_antimagical, serial_shops, nicolae_lakefront_shop
D:5:      layout_cave_pools, lemuel_round_altar, minmay_temple_entry_mini_moons

Skill      XL: |  1  2  3  4  5 |
---------------+----------------+-----
Armour         | 4 |  4.6
Axes           | 3 4 |  4.3
Throwing       | 1 |  1.8
Fighting       | 4 |  4.0
Dodging        | |  0.9
Shields        | |  4.7

Action                   |  1- 3 |  4- 6 || total
-------------------------+-------+-------++-------
Melee: War axe           |   316 |    70 ||   386
Throw: Dart              |    15 |       ||    15
       Javelin           |       |     7 ||     7
  Use: Potion            |     1 |     1 ||     2
       Scroll            |       |     4 ||     4
Armor: Scale mail        |    15 |    43 ||    58
Dodge: Dodged            |    19 |    49 ||    68
Block: Buckler           |    16 |    26 ||    42

Table legend: (Time is in decaauts)
 A = Elapsed time spent in this place.
 B = Non-inter-level travel time spent in this place.
 C = Inter-level travel time spent in this place.
 D = Time resting spent in this place.
 E = Time spent auto-exploring this place.
 F = Levels seen in this place.
 G = Mean time per level.
                   A        B        C        D        E       F      G
               +--------+--------+--------+--------+--------+-----+--------+
         Total |   3560 |   3560 |      0 |    908 |      0 |   4 |  890.0 |
       Dungeon |   3560 |   3560 |      0 |    908 |      0 |   4 |  890.0 |
               +--------+--------+--------+--------+--------+-----+--------+

Top non-repeatable levels by time:
     D:4: 1799 daAuts
     D:1: 1425 daAuts
     D:5: 335 daAuts
